| TOP OF THE 1ST |
|
Tri-City Dust Devils batting - Pitching for Rome Braves : RHP Pu-la Yun
|
|
Pitching: RHP Pu-la Yun
|
|
|
Batting: RHB Ben Hoffman
|
0-0: Foul Ball, location: 2F 0-1: Called Strike 0-2: SINGLE (Groundball, 6M, EV 101.2 MPH) (infield hit)
|
|
Batting: SHB Cesar Arteaga
|
0-0: Called Strike 0-1: Ball 1-1: Foul Ball, location: 2F 1-2: Foul Ball, location: 2F 1-2: Ball 2-2: Fly out, F7 (Flyball, 7, EV 92.5 MPH)
|
|
Batting: LHB Justin Rankin
|
0-0: Ball Ben Hoffman is caught stealing 2nd base 2-6 1-0: Ground out 5-3 (Groundball, 15, EV 85.6 MPH)
|
| Top of the 1st over - 0 runs, 1 hit, 0 errors, 0 left on base; Tri-City 0 - Rome 0 |
| BOTTOM OF THE 1ST |
|
Rome Braves batting - Pitching for Tri-City Dust Devils : LHP Kyle Bachman
|
|
Pitching: LHP Kyle Bachman
|
|
|
Batting: RHB Carlos Livas
|
0-0: Ball 1-0: Ball 2-0: Ball 3-0: Called Strike 3-1: Fly out, F8 (Flyball, 8RD, EV 94.4 MPH)
|
|
Batting: RHB Gebre-Giorgios Wangondu
|
0-0: Ball 1-0: Swinging Strike 1-1: Swinging Strike 1-2: SINGLE (Groundball, 6D, EV 98.8 MPH)
|
|
Batting: RHB Rafael Reyes
|
0-0: Called Strike 0-1: Ball 1-1: Called Strike 1-2: Ball Gebre-Giorgios Wangondu steals 2nd base 2-2: Ball 3-2: Ground out 4-3 (Groundball, 4, EV 78.1 MPH) Gebre-Giorgios Wangondu to third
|
|
Batting: RHB Dave Pizarro
|
0-0: Ball 1-0: Ground out 6-3 (Groundball, 6, EV 78.1 MPH)
|
| Bottom of the 1st over - 0 runs, 1 hit, 0 errors, 1 left on base; Tri-City 0 - Rome 0 |
| TOP OF THE 2ND |
|
Tri-City Dust Devils batting - Pitching for Rome Braves : RHP Pu-la Yun
|
|
Batting: RHB Deshawn Boseman
|
0-0: Foul Ball, location: 2F 0-1: Foul Ball, location: 2F 0-2: Strikes out looking
|
|
Batting: SHB Jared Boyce
|
0-0: Called Strike 0-1: Ball 1-1: Ball 2-1: Ball 3-1: Called Strike 3-2: Foul Ball, location: 2F 3-2: Strikes out swinging
|
|
Batting: RHB Andy Solorzano
|
0-0: Foul Ball, location: 2F 0-1: Swinging Strike 0-2: Ground out 3-1 (Groundball, 34, EV 81.9 MPH)
|
| Top of the 2nd over - 0 runs, 0 hits, 0 errors, 0 left on base; Tri-City 0 - Rome 0 |
| BOTTOM OF THE 2ND |
|
Rome Braves batting - Pitching for Tri-City Dust Devils : LHP Kyle Bachman
|
|
Batting: RHB Manny Hensley
|
0-0: Ground out 4-3 (Groundball, 4, EV 83.8 MPH)
|
|
Batting: RHB Tony Cabrera
|
0-0: Ball 1-0: Swinging Strike 1-1: Ball 2-1: Foul Ball, location: 2F 2-2: Fly out, F5 (Popup, 56S, EV 78.1 MPH)
|
|
Batting: LHB Ivan Castillo
|
0-0: Called Strike 0-1: Foul Ball, location: 2F 0-2: SINGLE (Line Drive, 9LS, EV 98.8 MPH)
|
|
Batting: RHB Yutaka Yamane
|
0-0: Ball 1-0: Foul Ball, location: 2F 1-1: Called Strike 1-2: SINGLE (Groundball, 34D, EV 111.2 MPH) Ivan Castillo to second Runner from 2nd tries for 3rd, SAFE, throw by RF made to third Yutaka Yamane to second
|
|
Batting: RHB Roberto Rios
|
0-0: Called Strike 0-1: Called Strike 0-2: Ball 1-2: SINGLE (Groundball, 5D, EV 103.8 MPH) Ivan Castillo scores Yutaka Yamane to third Runner from 3rd tries for Home, SAFE, throw by LF to home Roberto Rios to second
|
|
Batting: RHB Carlos Livas
|
0-0: Ball 1-0: Called Strike 1-1: Ground out U3 (Groundball, 34S, EV 92.5 MPH)
|
| Bottom of the 2nd over - 2 runs, 3 hits, 0 errors, 1 left on base; Tri-City 0 - Rome 2 |
| TOP OF THE 3RD |
|
Tri-City Dust Devils batting - Pitching for Rome Braves : RHP Pu-la Yun
|
|
Batting: LHB Paul Collins
|
0-0: Ball 1-0: Called Strike 1-1: Ball 2-1: Foul Ball, location: 2F 2-2: Ball 3-2: Base on Balls
|
|
Batting: RHB Joel Vazquez
|
0-0: Ball 1-0: Foul Ball, location: 2F 1-1: Hit by Pitch Paul Collins to second
|
|
Batting: RHB Pleun Smit
|
0-0: Called Strike 0-1: Foul Ball, location: 2F 0-2: Ball 1-2: Strikes out swinging
|
|
Batting: RHB Ben Hoffman
|
0-0: Ball 1-0: Reached on error, E5 (Groundball, 56, EV 98.8 MPH) Paul Collins to third Joel Vazquez to second
|
|
Batting: SHB Cesar Arteaga
|
0-0: SINGLE (Groundball, 4MD, EV 102.5 MPH) Paul Collins scores Joel Vazquez to third Ben Hoffman to second Runner from 3rd tries for Home, SAFE, throw by CF to home
|
|
Batting: LHB Justin Rankin
|
0-0: Ball Ben Hoffman steals 3rd base Cesar Arteaga to second 1-0: Ball 2-0: Called Strike 2-1: Ground out 4-3 (Groundball, 4, EV 82.5 MPH) Ben Hoffman scores Cesar Arteaga to third
|
|
Batting: RHB Deshawn Boseman
|
0-0: Ball 1-0: Foul Ball, location: 2F 1-1: Ball 2-1: Swinging Strike 2-2: SINGLE (Groundball, 6D, EV 105.0 MPH) Cesar Arteaga scores
|
|
Batting: SHB Jared Boyce
|
0-0: Ball 1-0: Ball 2-0: Called Strike 2-1: Fielders Choice at 2nd, 5-4 (Groundball, 5, EV 81.2 MPH)
|
| Top of the 3rd over - 4 runs, 2 hits, 1 error, 1 left on base; Tri-City 4 - Rome 2 |
| BOTTOM OF THE 3RD |
|
Rome Braves batting - Pitching for Tri-City Dust Devils : LHP Kyle Bachman
|
|
Batting: RHB Gebre-Giorgios Wangondu
|
0-0: Ball 1-0: Ball 2-0: Called Strike 2-1: TRIPLE (Line Drive, 9LD, EV 110.0 MPH)
|
|
Batting: RHB Rafael Reyes
|
0-0: Called Strike 0-1: Called Strike 0-2: Foul Ball, location: 2F 0-2: Strikes out swinging
|
|
Batting: RHB Dave Pizarro
|
0-0: Ball 1-0: Fly out, F7 (Flyball, 7, EV 88.1 MPH) Runner from 3rd tags up, SCORES, throw by LF
|
|
Batting: RHB Manny Hensley
|
0-0: Foul Ball, location: 2F 0-1: Called Strike 0-2: DOUBLE (Line Drive, 3D, EV 106.2 MPH)
|
|
Batting: RHB Tony Cabrera
|
0-0: Foul Ball, location: 2F 0-1: Called Strike 0-2: Fly out, F9 (Flyball, 89D, EV 78.1 MPH)
|
| Bottom of the 3rd over - 1 run, 2 hits, 0 errors, 1 left on base; Tri-City 4 - Rome 3 |
| TOP OF THE 4TH |
|
Tri-City Dust Devils batting - Pitching for Rome Braves : RHP Pu-la Yun
|
|
Batting: RHB Andy Solorzano
|
0-0: Foul Ball, location: 2F 0-1: Swinging Strike 0-2: Ball 1-2: Ball 2-2: Foul Ball, location: 2F 2-2: Foul Ball, location: 2F 2-2: Ball 3-2: Base on Balls
|
|
Batting: LHB Paul Collins
|
0-0: Foul Ball, location: 2F 0-1: Foul Ball, location: 2F 0-2: Ball 1-2: Strikes out looking
|
|
Batting: RHB Joel Vazquez
|
0-0: Ball 1-0: Swinging Strike 1-1: Ball 2-1: Foul Ball, location: 2F 2-2: Ball 3-2: Strikes out swinging
|
|
Batting: RHB Pleun Smit
|
0-0: Fly out, F3 (Popup, 34S, EV 84.4 MPH)
|
| Top of the 4th over - 0 runs, 0 hits, 0 errors, 1 left on base; Tri-City 4 - Rome 3 |
| BOTTOM OF THE 4TH |
|
Rome Braves batting - Pitching for Tri-City Dust Devils : LHP Kyle Bachman
|
|
Batting: LHB Ivan Castillo
|
0-0: Ball 1-0: Foul Ball, location: 2F 1-1: Foul Ball, location: 2F 1-2: SINGLE (Groundball, 34D, EV 100.6 MPH)
|
|
Batting: RHB Yutaka Yamane
|
0-0: Called Strike 0-1: Ball 1-1: Ball 2-1: Swinging Strike 2-2: Foul Ball, location: 2F 2-2: Ball 3-2: Strikes out swinging
|
|
Batting: RHB Roberto Rios
|
0-0: Ball 1-0: Foul Ball, location: 2F 1-1: Ball 2-1: Ball Balk! Ivan Castillo to second 3-1: Foul Ball, location: 2F 3-2: SINGLE (Line Drive, 9S, EV 106.2 MPH) Ivan Castillo to third
|
|
Batting: RHB Carlos Livas
|
0-0: Foul Ball, location: 2F 0-1: Ball 1-1: TRIPLE (Line Drive, 78XD, EV 106.2 MPH) Ivan Castillo scores Roberto Rios scores
|
|
Pitching: RHP Isaiah McLaurin
|
|
|
Batting: RHB Gebre-Giorgios Wangondu
|
0-0: Ball 1-0: Swinging Strike 1-1: Called Strike 1-2: Ball 2-2: Foul Ball, location: 2F 2-2: Ball 3-2: Strikes out looking
|
|
Batting: RHB Rafael Reyes
|
0-0: Ball 1-0: Foul Ball, location: 2F 1-1: Fly out, F9 (Flyball, 9S, EV 81.2 MPH)
|
| Bottom of the 4th over - 2 runs, 3 hits, 0 errors, 1 left on base; Tri-City 4 - Rome 5 |
| TOP OF THE 5TH |
|
Tri-City Dust Devils batting - Pitching for Rome Braves : RHP Pu-la Yun
|
|
Batting: RHB Ben Hoffman
|
0-0: Ball 1-0: Called Strike 1-1: Ball 2-1: Foul Ball, location: 2F 2-2: Ground out 6-3 (Groundball, 6, EV 84.4 MPH)
|
|
Batting: SHB Cesar Arteaga
|
0-0: Foul Ball, location: 2F 0-1: Foul Ball, location: 2F 0-2: Foul Ball, location: 2F 0-2: Ground out 4-3 (Groundball, 4M, EV 93.1 MPH)
|
|
Batting: LHB Justin Rankin
|
0-0: Called Strike 0-1: Foul Ball, location: 2F 0-2: Ball 1-2: DOUBLE (Line Drive, 89D, EV 103.8 MPH)
|
|
Batting: RHB Deshawn Boseman
|
0-0: DOUBLE (Groundball, 3L, EV 101.9 MPH) Justin Rankin scores
|
|
Pitching: LHP Mohala Kileona
|
|
|
Batting: SHB Jared Boyce
|
0-0: Swinging Strike 0-1: SINGLE (Line Drive, 8RS, EV 102.5 MPH) Deshawn Boseman to third
|
|
Batting: RHB Andy Solorzano
|
0-0: Called Strike 0-1: Foul Ball, location: 2F 0-2: Ball 1-2: Strikes out swinging
|
| Top of the 5th over - 1 run, 3 hits, 0 errors, 2 left on base; Tri-City 5 - Rome 5 |
| BOTTOM OF THE 5TH |
|
Rome Braves batting - Pitching for Tri-City Dust Devils : RHP Isaiah McLaurin
|
|
Batting: RHB Dave Pizarro
|
0-0: Swinging Strike 0-1: Hit by Pitch
|
|
Batting: RHB Manny Hensley
|
0-0: Called Strike 0-1: Foul Ball, location: 2F 0-2: Ball 1-2: Foul Ball, location: 2F 1-2: Ball 2-2: Strikes out swinging
|
|
Batting: RHB Tony Cabrera
|
0-0: Called Strike Dave Pizarro steals 2nd base 0-1: Fly out, F7 (Line Drive, 7S, EV 95.6 MPH)
|
|
Batting: LHB Ivan Castillo
|
0-0: Swinging Strike 0-1: Called Strike 0-2: Ball 1-2: Ground out U3 (Groundball, 34, EV 106.2 MPH)
|
| Bottom of the 5th over - 0 runs, 0 hits, 0 errors, 1 left on base; Tri-City 5 - Rome 5 |
| TOP OF THE 6TH |
|
Tri-City Dust Devils batting - Pitching for Rome Braves : LHP Mohala Kileona
|
|
Batting: LHB Paul Collins
|
0-0: Ball 1-0: Swinging Strike 1-1: Foul Ball, location: 2F 1-2: Fly out, F6 (Flyball, 6D, EV 85.0 MPH)
|
|
Batting: RHB Joel Vazquez
|
0-0: Ball 1-0: Called Strike 1-1: Ball 2-1: Foul Ball, location: 2F 2-2: SINGLE (Line Drive, 6MD, EV 99.4 MPH)
|
|
Batting: RHB Pleun Smit
|
0-0: Called Strike 0-1: Called Strike 0-2: Strikes out swinging
|
|
Batting: RHB Ben Hoffman
|
0-0: Ball 1-0: Foul Ball, location: 2F 1-1: Foul Ball, location: 2F 1-2: Strikes out swinging
|
| Top of the 6th over - 0 runs, 1 hit, 0 errors, 1 left on base; Tri-City 5 - Rome 5 |
| BOTTOM OF THE 6TH |
|
Rome Braves batting - Pitching for Tri-City Dust Devils : RHP Isaiah McLaurin
|
|
Batting: RHB Yutaka Yamane
|
0-0: Foul Ball, location: 2F 0-1: Ball 1-1: Ball 2-1: Fly out, F3 (Line Drive, 34, EV 67.5 MPH)
|
|
Batting: RHB Roberto Rios
|
0-0: Called Strike 0-1: Called Strike 0-2: Fly out, F8 (Flyball, 8LXD, EV 87.5 MPH)
|
|
Batting: RHB Carlos Livas
|
0-0: Called Strike 0-1: Ball 1-1: Ball 2-1: Ground out 4-3 (Groundball, 4, EV 86.9 MPH)
|
| Bottom of the 6th over - 0 runs, 0 hits, 0 errors, 0 left on base; Tri-City 5 - Rome 5 |
| TOP OF THE 7TH |
|
Tri-City Dust Devils batting - Pitching for Rome Braves : LHP Mohala Kileona
|
|
Batting: SHB Cesar Arteaga
|
0-0: Ball 1-0: Ball 2-0: Called Strike 2-1: Foul Ball, location: 2F 2-2: Reached on error, E6 (Groundball, 6, EV 83.8 MPH)
|
|
Pinch Hitting: RHB Yuusei Narita
|
0-0: Ball 1-0: Ball 2-0: Called Strike 2-1: Ball 3-1: Base on Balls Cesar Arteaga to second
|
|
Batting: RHB Deshawn Boseman
|
0-0: Called Strike 0-1: Ball 1-1: Foul Ball, location: 2F 1-2: Ball 2-2: Fly out, F8 (Flyball, 78M, EV 96.2 MPH)
|
|
Batting: SHB Jared Boyce
|
0-0: Ball 1-0: Foul Ball, location: 2F 1-1: SINGLE (Groundball, 4MD, EV 104.4 MPH) Cesar Arteaga to third Yuusei Narita to second Runner from 3rd tries for Home, SAFE, throw by CF to home
|
|
Batting: RHB Andy Solorzano
|
0-0: Swinging Strike 0-1: Ball 1-1: Ball 2-1: Foul Ball, location: 2F 2-2: Foul Ball, location: 2F 2-2: Ball 3-2: Base on Balls Yuusei Narita to third Jared Boyce to second
|
|
Pitching: RHP Josh Wollaston
|
|
|
Batting: LHB Paul Collins
|
0-0: Called Strike 0-1: Swinging Strike 0-2: Ball 1-2: Foul Ball, location: 2F 1-2: Ball 2-2: Foul Ball, location: 2F 2-2: Strikes out looking
|
|
Batting: RHB Joel Vazquez
|
0-0: Called Strike 0-1: Called Strike 0-2: Ball 1-2: Fly out, F9 (Line Drive, 9S, EV 92.5 MPH)
|
| Top of the 7th over - 1 run, 1 hit, 1 error, 3 left on base; Tri-City 6 - Rome 5 |
| BOTTOM OF THE 7TH |
|
Rome Braves batting - Pitching for Tri-City Dust Devils : RHP Isaiah McLaurin
|
|
Now in LF: Victor Contreras
|
|
|
Now in RF: Paul Collins
|
|
|
Batting: RHB Gebre-Giorgios Wangondu
|
0-0: Ground out 5-3 (Groundball, 56S, EV 66.9 MPH)
|
|
Batting: RHB Rafael Reyes
|
0-0: Foul Ball, location: 2F 0-1: Ball 1-1: Ball 2-1: Called Strike 2-2: DOUBLE (Line Drive, 3D, EV 98.1 MPH)
|
|
Batting: RHB Dave Pizarro
|
0-0: Ball 1-0: Foul Ball, location: 2F 1-1: Ball 2-1: Ball 3-1: Base on Balls
|
|
Pinch Hitting: LHB Shigeru Ono
|
0-0: Foul Ball, location: 2F 0-1: Hit by Pitch Rafael Reyes to third Dave Pizarro to second
|
|
Pinch Hitting: LHB Adam Hairston
|
0-0: Ball 1-0: Foul Ball, location: 2F 1-1: Hit by Pitch Rafael Reyes scores Dave Pizarro to third Shigeru Ono to second
|
|
Batting: LHB Ivan Castillo
|
0-0: Ball 1-0: Ball 2-0: Swinging Strike 2-1: Foul Ball, location: 2F 2-2: Foul Ball, location: 2F 2-2: Ball 3-2: Base on Balls Dave Pizarro scores Shigeru Ono to third Adam Hairston to second
|
|
Pitching: RHP Chris Haselhorst
|
|
|
Batting: RHB Yutaka Yamane
|
0-0: Ball 1-0: Foul Ball, location: 2F 1-1: Ball Wild Pitch! Shigeru Ono scores Adam Hairston to third Ivan Castillo to second 2-1: Ball 3-1: Base on Balls
|
|
Batting: RHB Roberto Rios
|
0-0: Ball 1-0: Foul Ball, location: 2F 1-1: Foul Ball, location: 2F 1-2: Ball 2-2: Ball 3-2: Foul Ball, location: 2F 3-2: Strikes out swinging
|
|
Batting: RHB Carlos Livas
|
0-0: Ball 1-0: Ground out 5-3 (Groundball, 5S, EV 91.2 MPH)
|
| Bottom of the 7th over - 3 runs, 1 hit, 0 errors, 3 left on base; Tri-City 6 - Rome 8 |
| TOP OF THE 8TH |
|
Tri-City Dust Devils batting - Pitching for Rome Braves : RHP Josh Wollaston
|
|
Now at 1B: Shigeru Ono
|
|
|
Now at 3B: Adam Hairston
|
|
|
Pinch Hitting: SHB Blake Abbott
|
0-0: Called Strike 0-1: Swinging Strike 0-2: Strikes out swinging
|
|
Batting: RHB Ben Hoffman
|
0-0: Ball 1-0: Ball 2-0: Called Strike 2-1: Foul Ball, location: 2F 2-2: Strikes out swinging
|
|
Batting: SHB Cesar Arteaga
|
0-0: Called Strike 0-1: Ball 1-1: Ball 2-1: Called Strike 2-2: Strikes out swinging, 2-3 out at first.
|
| Top of the 8th over - 0 runs, 0 hits, 0 errors, 0 left on base; Tri-City 6 - Rome 8 |
| BOTTOM OF THE 8TH |
|
Rome Braves batting - Pitching for Tri-City Dust Devils : RHP Chris Haselhorst
|
|
Now at 2B: Hector Fernandez
|
|
|
Now at SS: Cesar Arteaga
|
|
|
Batting: RHB Gebre-Giorgios Wangondu
|
0-0: Called Strike 0-1: Ball 1-1: Called Strike 1-2: Ball 2-2: Foul Ball, location: 2F 2-2: Ball 3-2: Ground out 1-3 (Groundball, 34S, EV 68.8 MPH)
|
|
Batting: RHB Rafael Reyes
|
0-0: Called Strike 0-1: Foul Ball, location: 2F 0-2: Ball 1-2: Strikes out looking
|
|
Batting: RHB Dave Pizarro
|
0-0: SINGLE (Groundball, 6MD, EV 100.0 MPH) (infield hit)
|
|
Batting: LHB Shigeru Ono
|
0-0: Ball 1-0: Ground out 5-3 (Groundball, 56, EV 88.1 MPH)
|
| Bottom of the 8th over - 0 runs, 1 hit, 0 errors, 1 left on base; Tri-City 6 - Rome 8 |
| TOP OF THE 9TH |
|
Tri-City Dust Devils batting - Pitching for Rome Braves : RHP Josh Wollaston
|
|
Pitching: RHP Jason Barber
|
|
|
Batting: RHB Victor Contreras
|
0-0: Ground out 3-1 (Groundball, 34, EV 101.9 MPH)
|
|
Batting: RHB Deshawn Boseman
|
0-0: Swinging Strike 0-1: Foul Ball, location: 2F 0-2: Ground out 6-3 (Groundball, 6, EV 86.2 MPH)
|
|
Batting: SHB Jared Boyce
|
0-0: Foul Ball, location: 2F 0-1: Called Strike 0-2: SINGLE (Groundball, 6MD, EV 94.4 MPH)
|
|
Batting: RHB Andy Solorzano
|
0-0: SINGLE (Flyball, 34D, EV 87.5 MPH) Jared Boyce to second
|
|
Batting: LHB Paul Collins
|
0-0: Fielders Choice at 2nd, 6-4 (Groundball, 6, EV 86.2 MPH)
|
| Top of the 9th over - 0 runs, 2 hits, 0 errors, 2 left on base; Tri-City 6 - Rome 8 |
|